 Dungeon Crawl Stone Soup version 0.30-a0-528-g8c47a4955b (webtiles) character file.

Game seed: 9154347449513409947

71 gruber the Chucker (level 4, 32/32 HPs)
             Began as a Gnoll Wanderer on Dec 23, 2022.
             Quit the game on level 2 of the Dungeon.
             The game lasted 00:02:02 (1754 turns).

gruber the Chucker (Gnoll Wanderer)                 Turns: 1754, Time: 00:02:03

Health: 32/32      AC:  3    Str: 11    XL:     4   Next: 24%
Magic:  5/5        EV: 11    Int: 12    God:
Gold:   130        SH:  0    Dex: 13    Spells: 5/5 levels left

rFire   . . .      SeeInvis .    a - +2 quarterstaff
rCold   . . .      Faith    .    (shield currently unavailable)
rNeg    . . .      Spirit   .    f - +0 leather armour
rPois   .          Reflect  .    (no helmet)
rElec   .          Harm     .    (no cloak)
rCorr   .          Rampage  .    (no gloves)
Will    .....                    (no boots)
Stlth   +                        (no amulet)
HPRegen 0.25/turn                (no ring)
MPRegen 0.09/turn                (no ring)

@: no status effects
A: fangs 1, strong nose, distributed training
a: no special abilities


You were on level 2 of the Dungeon.
You visited 1 branch of the dungeon, and saw 2 of its levels.

You collected 130 gold pieces.

Inventory:

Hand Weapons
 a - a +2 quarterstaff (weapon)
 b - a +0 mace
 d - a +0 dagger
Missiles
 c - 13 poisoned darts (quivered)
Armour
 f - a +0 leather armour (worn)
Jewellery
 m - a ring of poison resistance
Scrolls
 e - a scroll of fog
 g - 3 scrolls of identify {unknown}
 j - a scroll of amnesia {unknown}
 k - a scroll of vulnerability {unknown}
 l - a scroll of enchant weapon {unknown}
 n - a scroll of blinking {unknown}
 o - a scroll of teleportation {unknown}
 r - a scroll of summoning {unknown}
Potions
 h - a potion of flight {unknown}
 i - a potion of brilliance {unknown}
 p - a potion of heal wounds {unknown}
 q - a potion of cancellation {unknown}


   Skills:
 + Level 1.1 Fighting
 + Level 1.1 Short Blades
 + Level 1.1 Long Blades
 + Level 1.1 Axes
 + Level 2.7 Maces & Flails
 + Level 1.1 Polearms
 + Level 6.6 Staves
 + Level 1.1 Ranged Weapons
 + Level 6.6 Throwing
 + Level 4.6 Armour
 + Level 1.1 Dodging
 + Level 1.1 Stealth
 + Level 1.1 Shields
 + Level 1.1 Unarmed Combat
 + Level 1.1 Spellcasting
 + Level 0.9 Conjurations
 + Level 0.9 Hexes
 + Level 0.9 Summonings
 + Level 0.9 Necromancy
 + Level 0.9 Translocations
 + Level 0.9 Transmutations
 + Level 0.9 Fire Magic
 + Level 0.9 Ice Magic
 + Level 0.9 Air Magic
 + Level 0.9 Earth Magic
 + Level 0.9 Poison Magic
 + Level 1.2 Invocations
 + Level 2.7 Evocations


You had 5 spell levels left.
You didn't know any spells.
Your spell library contained the following spells:

 Spells                   Type           Power      Damage    Failure   Level
 Petrify                  Tmut/Erth      2%         N/A       95%         4
 Metabolic Englaciation   Hex/Ice        1%         N/A       100%        5
 Statue Form              Tmut/Erth      1%         N/A       100%        6


Dungeon Overview and Level Annotations

Branches:
Dungeon (2/15)

Altars:
Vehumet

Shops:
D:2 ?


Innate Abilities, Weirdness & Mutations

You have very sharp teeth.
Your uncanny sense of smell can sniff out nearby items.
Your experience applies equally to all skills.


Message History

There are monsters nearby!
You sock the hobgoblin!
You kill the hobgoblin!
The goblin hits you with a +0 dagger.
You barely miss the goblin. The goblin misses you.
There are monsters nearby!
You thump the goblin!
You kill the goblin!
A frilled lizard is nearby!
You sock the frilled lizard!
You kill the frilled lizard!
No target in view!
You see here a +0 dagger.
A kobold comes into view. It is wielding a +0 dagger.
The kobold moves out of view.
No target in view!
No target in view!
No target in view!
The kobold shouts!
A kobold is nearby!
A kobold is nearby!
A kobold is nearby!
The kobold hits you but does no damage.
A kobold is nearby!
You barely miss the kobold. You bite the kobold.
The kobold is heavily wounded.
The kobold barely misses you.
A kobold is nearby!
You hit the kobold but do no damage.
The kobold is heavily wounded.
The kobold hits you with a +0 dagger.
A kobold is nearby!
You hit the kobold.
You kill the kobold!
You now have 130 gold pieces (gained 12).
You see here a +0 dagger.
r - a scroll labelled TEJEYS KIMER A goblin and a bat come into view.
The goblin shouts!
Are you sure you want to abandon this character and quit the game? (Confirm with "yes".)

#. ## ##### #######...#
#...<.#.#.# ..
###......∩..##
...###.#.....#.#..######
..........>..g..........
.......@.###..##########
...###....[##.#### #
#.#.........#### #
#.###.#........#### #.
#......###[.... #.
##..|..# ###... #b
#.....# #.#. #. #.....#
#.## #.....# #.#


You could see a goblin and a bat (asleep).

Vanquished Creatures
  Terence (D:2)
  A worm (D:2)
  A dart slug (D:2)
  An endoplasm (D:2)
  4 giant cockroaches
  3 goblins
  5 hobgoblins
  6 kobolds
  9 ball pythons
  3 frilled lizards
  7 rats
41 creatures vanquished.

Notes
Turn   | Place    | Note
-------+----------+-------------------------------------------
     0 | D:1      | gruber the Gnoll Wanderer began the quest for the Orb.
     0 | D:1      | gruber set off with the following items: a +2 quarterstaff,
                  | a +0 mace, 10 poisoned darts, a +0 dagger, a scroll of fog,
                  | a +0 leather armour.
     0 | D:1      | Reached XP level 1. HP: 13/13 MP: 1/1
    27 | D:1      | Found a radiant altar of Vehumet.
   234 | D:1      | Reached XP level 2. HP: 19/19 MP: 2/2
  1256 | D:2      | Found Faci's Magic Scroll Shop.
  1285 | D:2      | Noticed Terence
  1298 | D:2      | Killed Terence
  1299 | D:2      | Reached skill level 1 in Fighting
  1299 | D:2      | Reached skill level 1 in Short Blades
  1299 | D:2      | Reached skill level 1 in Long Blades
  1299 | D:2      | Reached skill level 1 in Axes
  1299 | D:2      | Reached skill level 1 in Polearms
  1299 | D:2      | Reached skill level 1 in Ranged Weapons
  1299 | D:2      | Reached skill level 1 in Dodging
  1299 | D:2      | Reached skill level 1 in Stealth
  1299 | D:2      | Reached skill level 1 in Shields
  1299 | D:2      | Reached skill level 1 in Unarmed Combat
  1299 | D:2      | Reached skill level 1 in Spellcasting
  1299 | D:2      | Reached skill level 1 in Invocations
  1299 | D:2      | Reached XP level 3. HP: 13/26 MP: 2/4
  1441 | D:2      | Reached XP level 4. HP: 30/32 MP: 5/5
  1754 | D:2      | Quit the game

Illustrated notes

Levels and vault maps discovered:
D:1:      evilmike_arrival_hilbert_curve, layout_basic, minmay_hexomino_r4
D:2:      layout_rooms, serial_shops, nicolae_shop_crystal,
          minmay_tiny_reverse_x, uniq_terence

Skill      XL: |  1  2 |
---------------+-------+-----
Fighting       | 1 |  1.1
Short Blades   | 1 |  1.1
Long Blades    | 1 |  1.1
Axes           | 1 |  1.1
Polearms       | 1 |  1.1
Ranged Weapons | 1 |  1.1
Dodging        | 1 |  1.1
Stealth        | 1 |  1.1
Shields        | 1 |  1.1
Unarmed Combat | 1 |  1.1
Spellcasting   | 1 |  1.1
Invocations    | 1 |  1.2
Maces & Flails | |  2.7
Staves         | |  6.6
Throwing       | |  6.6
Armour         | |  4.6
Conjurations   | |  0.9
Hexes          | |  0.9
Summonings     | |  0.9
Necromancy     | |  0.9
Translocations | |  0.9
Transmutations | |  0.9
Fire Magic     | |  0.9
Ice Magic      | |  0.9
Air Magic      | |  0.9
Earth Magic    | |  0.9
Poison Magic   | |  0.9
Evocations     | |  2.7

Action                   |  1- 3 |  4- 6 || total
-------------------------+-------+-------++-------
Melee: Quarterstaff      |    77 |    23 ||   100
       Bite              |    13 |     2 ||    15
 Stab: Sleeping          |     3 |       ||     3
Armor: Leather armour    |    17 |     4 ||    21
Dodge: Dodged            |    34 |     4 ||    38

Table legend: (Time is in decaauts)
 A = Elapsed time spent in this place.
 B = Non-inter-level travel time spent in this place.
 C = Inter-level travel time spent in this place.
 D = Time resting spent in this place.
 E = Time spent auto-exploring this place.
 F = Levels seen in this place.
 G = Mean time per level.
                   A        B        C        D        E       F      G
               +--------+--------+--------+--------+--------+-----+--------+
         Total |   1751 |   1720 |     31 |      0 |   1486 |   2 |  875.5 |
       Dungeon |   1751 |   1720 |     31 |      0 |   1486 |   2 |  875.5 |
               +--------+--------+--------+--------+--------+-----+--------+

Top non-repeatable levels by time:
     D:1: 1254 daAuts
     D:2: 496 daAuts
